 Dungeon Crawl Stone Soup version 0.28-a0-909-g796cbd3a86 (webtiles) character file.

Game seed: 8331378752002926588

3 Froggeryz the Sneak (level 1, -1/14 HPs)
             Began as a Gargoyle Delver on Nov 24, 2021.
             Slain by a hound skeleton (3 damage)
             ... on level 4 of the Dungeon.
             The game lasted 00:00:27 (47 turns).

Froggeryz the Sneak (Gargoyle Delver)                 Turns: 47, Time: 00:00:27

Health: -1/14      AC:  5    Str: 15    XL:     1   Next: 50%
Magic:  1/1        EV: 11    Int: 10    God:
Gold:   0          SH:  0    Dex: 11    Spells: 0/0 levels left

rFire   . . .      SeeInvis .   a - +0 mace
rCold   + . .      Faith    .   (no shield)
rNeg    + . .      Spirit   .   b - +0 leather armour
rPois   ∞          Reflect  .   (no helmet)
rElec   +          Harm     .   (no cloak)
rCorr   .          Rampage  .   (no gloves)
Will    .....                   (no boots)
Stlth   +++.......              (no amulet)
HPRegen 0.04/turn               i - ring of protection from cold
MPRegen 0.07/turn               (no ring)

@: about to teleport
A: sickness immunity, AC +2, negative energy resistance 1, electricity
resistance, torment resistance 1, petrification resistance
a: no special abilities


You were on level 4 of the Dungeon.
You visited 1 branch of the dungeon, and saw 2 of its levels.

Inventory:

Hand Weapons
 a - a +0 mace (weapon)
Armour
 b - a +0 leather armour (worn)
Jewellery
 i - a ring of protection from cold (left hand)
Wands
 g - a wand of digging (3)
Scrolls
 c - a scroll of fog
 d - a scroll of magic mapping
 e - a scroll of fear
Potions
 f - a potion of haste


   Skills:
 - Level 3.2 Fighting
 * Level 2.3 Maces & Flails
 - Level 1.5 Dodging
 - Level 5.4 Stealth


You couldn't memorise any spells.
You didn't know any spells.
Your spell library was empty.

Dungeon Overview and Level Annotations

Branches:
Dungeon (5/15)
 Temple: D:4-7

Altars:

Shops:
D:5 :


Innate Abilities, Weirdness & Mutations

You are immune to sickness and miasma.
Your stone body is resilient. (AC +2)
You are immune to poison.
You resist negative energy. (rN+)
You are resistant to electric shocks. (rElec)
You are resistant to unholy torment.
You are immune to petrification.


Message History

Unknown command.
i - a ring of protection from cold (left hand)
A kobold comes into view.
It is wielding a +0 dagger of protection.
The kobold shouts!
You hear a bark!
A jackal comes into view.
The jackal barks!
You hear a bark!
Found a scroll of fog.
A hound skeleton comes into view.
The kobold barely misses you.
You hit the kobold.
You kill the kobold!
A jackal comes into view.
The jackal barely misses you.
The jackal moves out of view.
You closely miss the jackal.
The jackal bites you but does no damage.
A jackal comes into view.
You thump the jackal!
You kill the jackal!
The hound skeleton bites you.
A jackal comes into view.
You completely miss the hound skeleton.
The hound skeleton bites you but does no damage.
The hound skeleton bites you. The jackal closely misses you.
You sock the jackal!
You kill the jackal!
The hound skeleton bites you.
* * * LOW HITPOINT WARNING * * *
The jackal misses you.
The hound skeleton bites you but does no damage.
Okay, then.
As you read the scroll labelled JEUGGO NUAQ, it crumbles to dust.
You feel strangely unstable.
It was a scroll of teleportation.
The jackal bites you but does no damage.
The hound skeleton barely misses you. The jackal closely misses you.
The hound skeleton bites you.
* * * LOW HITPOINT WARNING * * *
The hound skeleton barely misses you. The jackal bites you.
* * * LOW HITPOINT WARNING * * *
The hound skeleton bites you.
You die...

.. .......
#. #........
#.##?.......
..#........
#.#........
#.#........
#..........
#@........
#hZ#..#+#
##h#..#
.######)#..#
.h.........#
.......#...#
.......#...#
.......##..#
....... #..#


You could see 2 jackals and a hound skeleton.

Vanquished Creatures
  2 jackals (D:4)
  A kobold (D:4)
3 creatures vanquished.

Notes
Turn   | Place    | Note
-------+----------+-------------------------------------------
     0 | D:5      | Froggeryz the Gargoyle Delver began the quest for the Orb.
     0 | D:5      | Reached XP level 1. HP: 14/14 MP: 1/1
    14 | D:5      | Noticed an iguana
    47 | D:4      | Slain by a hound skeleton

Illustrated notes

Levels and vault maps discovered:
D:4:      layout_basic, cheibrodos_sewer_entry_drain, uniq_duvessa, uniq_robin,
          uniq_menkaure
D:5:      layout_basic, minmay_misc_feat_rows, minmay_misc_feat_iff,
          nicolae_stop_n_shop_1, chequers_garden, grunt_ministairs_5,
          uniq_crazy_yiuf_cottage, uniq_sigmund, uniq_pikel

Action                   || total
-------------------------++-------
Melee: Mace              ||     5
  Use: Scroll            ||     1
Armor: Leather armour    ||     4
Dodge: Dodged            ||     7

Table legend: (Time is in decaauts)
 A = Elapsed time spent in this place.
 B = Non-inter-level travel time spent in this place.
 C = Inter-level travel time spent in this place.
 D = Time resting spent in this place.
 E = Time spent auto-exploring this place.
 F = Levels seen in this place.
 G = Mean time per level.
                   A        B        C        D        E       F      G
               +--------+--------+--------+--------+--------+-----+--------+
         Total |     48 |     48 |      0 |      0 |      2 |   2 |   24.0 |
       Dungeon |     48 |     48 |      0 |      0 |      2 |   2 |   24.0 |
               +--------+--------+--------+--------+--------+-----+--------+

Top non-repeatable levels by time:
     D:5: 26 daAuts
     D:4: 22 daAuts
